 Dungeon Crawl Stone Soup version 0.14-a0-3563-g07d0f32 (webtiles) character file.

1435 KaKa the Grave Robber (level 8, -8/41 HPs)
             Began as a Kobold Necromancer on Mar 29, 2014.
             Was an Initiate of Kikubaaqudgha.
             Mangled by an orc warrior
             ... wielding a +2,+1 morningstar
              (22 damage)
             ... on Level 7 of the Dungeon.
             The game lasted 00:38:12 (7151 turns).

KaKa the Grave Robber (Kobold Necromancer)          Turns: 7151, Time: 00:38:12

HP  -8/41        AC  6     Str  8      XL: 8   Next: 48%
MP   8/20        EV 15     Int 15      God: Kikubaaqudgha [......]
Gold 402         SH  0     Dex 15      Spells:  6 memorised,  3 levels left

rFire  . . .     SeeInvis +     p - +0 short sword
rCold  . . .     Clarity  .     t - +2 robe {rN+}
rNeg   + . .     Conserve .     (no shield)
rPois  .         rCorr    .     H - +0 helmet
rElec  .         rRot     .     q - +0 cloak
SustAb . .       Spirit   .     (no gloves)
rMut   .         Warding  .     (no boots)
Saprov + + .     Stasis   .     K - cursed amulet of faith
MR     .....                    (no ring)
                                P - ring of see invisible {unknown}

@: not resistant to hostile enchantments, stealthy
A: disease resistance, carnivore 3, saprovore 2
a: Renounce Religion


You were on level 7 of the Dungeon.
You worshipped Kikubaaqudgha.
Kikubaaqudgha was noncommittal.
You were very full.

You visited 2 branches of the dungeon, and saw 8 of its levels.

You collected 402 gold pieces.

Inventory:

Hand weapons
 a - a +0,+0 dagger of speed
 i - a +0,+0 dagger
 p - a +0,+0 short sword (weapon)
 v - a +2,+2 dagger of venom
 E - a +0 blowgun
Missiles
 e - 5 tomahawks (quivered)
 G - 22 poisoned needles
Armour
 q - a +0 cloak (worn)
 s - a +0 leather armour
 t - a +2 robe of positive energy (worn)
 H - a +0 helmet (worn)
Magical devices
 w - a wand of draining (2)
 I - a wand of slowing (15)
 M - a wand of digging (1)
Comestibles
 c - 3 meat rations
 m - 4 rotting chunks of orc flesh
Scrolls
 h - 3 scrolls of teleportation {unknown}
 j - 2 scrolls of fear {unknown}
 k - 5 scrolls of fog {unknown}
 n - 5 scrolls of identify {unknown}
 o - a scroll of recharging {unknown}
 u - a scroll of enchant weapon II {unknown}
 x - a scroll of blinking {unknown}
 y - 3 scrolls of magic mapping {unknown}
 C - a scroll of amnesia {unknown}
 F - a scroll of remove curse {unknown}
 J - a scroll of noise {unknown}
Jewellery
 D - an uncursed amulet of the gourmand
 K - a cursed amulet of faith (around neck)
 N - an uncursed amulet of resist mutation {unknown}
 P - a ring of see invisible (left hand) {unknown}
Potions
 d - a potion of degeneration {unknown}
 f - a potion of mutation {unknown}
 g - 2 potions of haste {unknown}
 l - 3 potions of restore abilities {unknown}
 r - a potion of lignification {unknown}
 z - a potion of cure mutation {unknown}
 A - a potion of confusion {unknown}
 B - a potion of poison {unknown}
 L - a potion of heal wounds {unknown}
 O - 3 potions of curing
Books
 b - a book of Necromancy

   Spells                             Type                      Level
   *Pain                              Necromancy                   1
   *Animate Skeleton                  Necromancy                   1
   *Lethal Infusion                   Charms/Necromancy            2
   *Vampiric Draining                 Necromancy                   3
   *Regeneration                      Charms/Necromancy            3
   *Animate Dead                      Necromancy                   4
   Control Undead                     Necromancy                   4


   Skills:
 - Level 4.2 Short Blades
 - Level 2.4 Dodging
 - Level 2.6 Stealth
 + Level 5.3 Spellcasting
 + Level 2.6 Charms
 + Level 6.9 Necromancy


You had 3 spell levels left.
You knew the following spells:

 Your Spells              Type           Power        Failure   Level  Hunger
a - Pain                  Necr           ###.         1%          1    None
b - Animate Skeleton      Necr           N/A          1%          1    None
c - Vampiric Draining     Necr           ###.......   2%          3    ###....
d - Animate Dead          Necr           N/A          12%         4    ####...
e - Regeneration          Chrm/Necr      ###.......   10%         3    ###....
f - Lethal Infusion       Chrm/Necr      ###.......   3%          2    #......


Dungeon Overview and Level Annotations

Branches:
Dungeon (7/15)             Temple (1/1) D:5

Altars:
Ashenzari
Cheibriados
Dithmenos
Elyvilon
Fedhas
Kikubaaqudgha
Makhleb
Nemelex Xobeh
Okawaru
Sif Muna
Trog
Vehumet
Xom
Yredelemnul
Zin
The Shining One

Shops:
D:5 *

Annotations:
D:4 exclusion: phantom


Innate Abilities, Weirdness & Mutations

You recuperate from illness quickly.
You are small and have problems with some larger weapons.
You are carnivorous and can eat meat at any time.
You can eat rotten meat.


Message History

Aiming: Pain
Press: ? - help, Shift-Dir - straight line, f/p - orc warrior
Aim: an orc warrior, wielding a morningstar and wearing a chain mail (lightly wounded)
The orc warrior barely resists.
Casting: Pain
Confirm with . or Enter, or press ? or * to list all spells.
Aiming: Vampiric Draining
Press: ? - help, Shift-Dir - straight line, f/p - orc warrior
Aim: an orc warrior, wielding a morningstar and wearing a chain mail (lightly wounded)
The orc warrior is heavily wounded.
You feel life coursing into your body.
The orc warrior hits you with a morningstar!
Ouch! That really hurt!
* * * LOW HITPOINT WARNING * * *
Your rat skeleton bites the orc warrior but does no damage.
There is a stone staircase leading up here.
The orc warrior hits you with a morningstar!
Ouch! That really hurt!
You die...
Kikubaaqudgha rasps: "You have failed me!
Welcome... death!"

#..# #..#
######..########..#
..................#
.............z....#
##........######z.#
#........# #..#
#........# #..#
#........# #o.#
#........# #@.#
##........######..#
.)................#
..................#
#######..#######..#
#..# #..# #..# #..#
#######..#######..#
..................


You could see an orc warrior and a friendly rat skeleton.

Vanquished Creatures
  A phantom (D:5)
  A big kobold (D:4)
  2 centaurs (D:5)
  Blork the orc (D:7)
  A giant frog (D:6)
  3 scorpions
  A big fish (D:5)
  An orc priest (D:7)
  2 worker ants
  A hound (D:4)
  2 orc wizards (D:4)
  Ijyb (D:4)
  7 adders
  3 gnolls (D:4)
  A worm zombie (D:5)
  7 giant geckos
  6 orcs
  2 ball pythons
  11 bats
  4 giant cockroaches
  8 goblins
  4 jackals (D:5)
  11 kobolds
  2 quokkas (D:2)
  3 giant newts
  A kobold skeleton (D:4)
  A quokka zombie (D:3)
  13 rats
101 creatures vanquished.

Vanquished Creatures (collateral kills)
  A black bear (D:6)
  A crimson imp (D:5)
  An ogre skeleton (D:4)
  An iguana skeleton (D:5)
  A giant gecko (D:2)
  2 orcs
  A bat (D:1)
  A bat skeleton (D:5)
  A bat zombie (D:5)
  A goblin (D:2)
  2 kobolds
  3 rats
16 creatures vanquished.

Vanquished Creatures (others)
  A centaur skeleton (D:5)
  A big kobold skeleton (D:4)
  2 adder skeletons
  3 bat skeletons (D:1)
  2 giant gecko skeletons
  5 goblin skeletons
  2 jackal skeletons (D:5)
  3 kobold skeletons
  2 orc skeletons
  A quokka skeleton (D:2)
  5 rat skeletons
27 creatures vanquished.

Grand Total: 144 creatures vanquished

Notes
Turn   | Place    | Note
--------------------------------------------------------------
     0 | D:1      | KaKa, the Kobold Necromancer, began the quest for the Orb.
     0 | D:1      | Reached XP level 1. HP: 10/10 MP: 3/3
    29 | D:1      | Learned a level 1 spell: Animate Skeleton
   295 | D:1      | Reached XP level 2. HP: 13/15 MP: 2/4
   673 | D:1      | Reached XP level 3. HP: 8/19 MP: 1/6
  1335 | D:2      | Learned a level 3 spell: Vampiric Draining
  1335 | D:2      | Found a burning altar of Makhleb.
  1817 | D:2      | Reached XP level 4. HP: 17/24 MP: 6/8
  2041 | D:2      | Reached skill level 1 in Short Blades
  2679 | D:4      | Found a shattered altar of Ashenzari.
  2735 | D:4      | Noticed Ijyb
  2833 | D:3      | Reached skill level 5 in Necromancy
  2833 | D:3      | Reached XP level 5. HP: 7/28 MP: 1/11
  3075 | D:4      | Noticed a phantom
  3095 | D:4      | Killed Ijyb
  3199 | D:4      | Reached XP level 6. HP: 28/32 MP: 8/13
  3644 | D:4      | Noticed a big kobold
  3652 | D:4      | Killed a big kobold
  3795 | D:4      | Reached XP level 7. HP: 33/36 MP: 13/17
  4108 | D:4      | Learned a level 4 spell: Animate Dead
  4112 | D:4      | Learned a level 3 spell: Regeneration
  4115 | D:4      | Learned a level 2 spell: Lethal Infusion
  4133 | D:5      | Entered Level 5 of the Dungeon
  4428 | D:5      | Reached skill level 6 in Necromancy
  4462 | D:5      | Found a staircase to the Ecumenical Temple.
  4570 | D:5      | Reached skill level 1 in Charms
  4879 | D:5      | Found a glowing golden altar of the Shining One.
  4989 | D:5      | Found Veetytank's Elemental Accessories.
  5391 | D:5      | Reached XP level 8. HP: 35/41 MP: 12/19
  5574 | Temple   | Entered the Ecumenical Temple
  5692 | Temple   | Became a worshipper of Kikubaaqudgha
  6642 | D:6      | Reached skill level 5 in Spellcasting
  6815 | D:7      | Noticed Blork the orc
  6836 | D:7      | Killed Blork the orc
  7128 | D:7      | Your ally Blork died
  7151 | D:7      | Mangled by an orc warrior

Action                   |  1- 3 |  4- 6 |  7- 9 || total
-------------------------+-------+-------+-------++-------
Melee: Unarmed           |     7 |       |       ||     7
       Short sword       |    15 |    22 |   130 ||   167
Throw: Tomahawk          |     4 |       |    10 ||    14
 Cast: Pain              |    61 |    60 |    43 ||   164
       Animate Skeleton  |    18 |    10 |    21 ||    49
       Vampiric Draining |       |     8 |    33 ||    41
       Lethal Infusion   |       |       |     1 ||     1
Evoke: Wand              |       |     1 |     3 ||     4
  Use: Potion            |       |     3 |     3 ||     6
 Stab: Sleeping          |       |     3 |     2 ||     5
       Distracted        |       |       |     1 ||     1
